 Dungeon Crawl Stone Soup version 0.22.0-36-g8e74550 (webtiles) character file.

262 Monsterracer the Chopper (level 5, -21/47 HPs)
             Began as a Minotaur Fighter on Aug 24, 2018.
             Demolished by an ogre
             ... wielding a +0 giant club
              (26 damage)
             ... on level 4 of the Dungeon.
             The game lasted 00:01:02 (818 turns).

Monsterracer the Chopper (Minotaur Fighter)          Turns: 818, Time: 00:01:03

Health: -21/47     AC:  8    Str: 22    XL:     5   Next: 97%
Magic:  4/4        EV:  7    Int:  5    God:
Gold:   41         SH:  9    Dex:  9    Spells: 4/4 levels left

rFire    . . .     SeeInvis .   a - +0 war axe
rCold    . . .     Gourm    .   f - +0 shield
rNeg     . . .     Faith    .   i - +1 scale mail {MR+}
rPois    .         Spirit   .   (helmet restricted)
rElec    .         Reflect  .   (no cloak)
rCorr    .         Harm     .   (no gloves)
MR       +....                  (no boots)
Stlth    ..........             (no amulet)
HPRegen  0.15/turn              (no ring)
MPRegen  0.09/turn              (no ring)

@: no status effects
A: retaliatory headbutt, horns 2
a: no special abilities


You were on level 4 of the Dungeon.
You were not hungry.

You visited 1 branch of the dungeon, and saw 4 of its levels.

You collected 41 gold pieces.

Inventory:

Hand Weapons
 a - a +0 war axe (weapon)
 b - a +1 flail of holy wrath
Armour
 f - a +0 shield (worn)
 i - a +1 scale mail of magic resistance (worn)
Wands
 l - a wand of acid (19)
Potions
 d - 2 potions of might
 e - a potion of haste {unknown}
 g - a potion of flight {unknown}
 j - a potion of resistance
 m - 2 potions of heal wounds
Comestibles
 c - 3 rations


   Skills:
 + Level 4.8 Fighting
 * Level 5.1 Axes
 + Level 4.8 Armour
 + Level 4.8 Shields


You had 4 spell levels left.
You didn't know any spells.
Your spell library was empty.

Dungeon Overview and Level Annotations

Branches:
Dungeon (4/15)
 Temple: D:4-7

Altars:


Innate Abilities, Weirdness & Mutations

You reflexively headbutt those who attack you in melee.
You have a pair of horns on your head.


Message History

An orc and an orc priest come into view.
The orc shouts!
The orc priest shouts!
You hear a shout! x2
The orc moves out of view.
You hear a shout! x2
An orc priest is nearby!
An orc comes into view. It is wielding a dagger.
The orc shouts!
An ogre comes into view. It is wielding a giant club.
An orc comes into view. It is wielding a dagger.
The orc moves out of view.
There are monsters nearby!
The ogre shouts!
An orc comes into view. It is wielding a dagger.
There are monsters nearby!
An orc comes into view. It is wielding a mace.
The orc shouts!
The orc priest looks encouraged for a moment.
You block the orc's attack.
You hit the orc priest but do no damage.
You headbutt the orc priest.
The orc priest is lightly wounded.
You barely miss the orc.
The orc priest invokes the aid of Beogh against you.
Pain shoots through your body! The orc barely misses you.
You take 14 damage, and have 32/47 hp.
MASSIVE DAMAGE!!
You closely miss the orc priest. You headbutt the orc priest.
The orc priest is moderately wounded.
You hit the orc.
The orc priest hits you but does no damage.
The orc hits you but does no damage. You block the orc's attack.
You barely miss the orc. Your headbutt misses the orc.
The orc is almost dead.
You closely miss the orc. You block the orc's attack.
The orc hits you with a dagger.
Your shield and scale mail prevent you from hitting the orc.
You hit the orc but do no damage. The orc hits you but does no damage.
You block the orc's attack.
You take 1 damage, and have 31/47 hp.
You barely miss the orc.
The orc is almost dead.
You slash the orc!
You kill the orc!
The orc barely misses you.
You closely miss the orc priest.
The orc priest is moderately wounded.
You barely miss the orc. The orc hits you with a dagger.
The orc priest hits you but does no damage.
The orc completely misses you. You furiously retaliate!
You headbutt the orc!
You kill the orc!
Your Axes skill increases to level 5!
The orc priest barely misses you.
You closely miss the orc priest.
The orc priest is moderately wounded.
The orc barely misses you. The orc priest hits you.
You take 5 damage, and have 26/47 hp.
You hit the orc priest.
The orc priest is heavily wounded.
You barely miss the orc. You block the orc priest's attack.
The orc closely misses you.
You hit the orc priest but do no damage.
The orc priest is heavily wounded.
You hit the orc.
The orc priest hits you but does no damage.
The orc misses you. The orc priest hits you. The orc hits you with a dagger.
You take 2 damage, and have 24/47 hp.
You slash the orc priest! Your headbutt misses the orc priest.
The orc priest is almost dead.
You slash the orc!
You kill the orc!
The orc priest invokes the aid of Beogh against you.
Beogh smites you!
* * * LOW HITPOINT WARNING * * *
You take 11 damage, and have 13/47 hp.
MASSIVE DAMAGE!!
You hit the orc priest.
You kill the orc priest!
You hit the orc. The orc hits you but does no damage.
The orc hits you with a mace.
* * * LOW HITPOINT WARNING * * *
The orc hits you with a dagger.
* * * LOW HITPOINT WARNING * * *
You take 2 damage, and have 11/47 hp.
You are too injured to fight recklessly!
Your shield and scale mail prevent you from hitting the orc.
You hit the orc. The orc hits you with a dagger.
* * * LOW HITPOINT WARNING * * *
The orc hits you with a mace.
* * * LOW HITPOINT WARNING * * *
You take 7 damage, and have 4/47 hp.
You closely miss the orc. Your headbutt misses the orc.
The orc is almost dead.
The orc hits you but does no damage.
Sorry, you're not good enough to have a special ability.
Firing (i - inventory) No suitable missiles.
Press: ? - help, Shift-Dir - straight line
Okay, then.
You slash the orc!
You kill the orc!
You closely miss the ogre. The ogre hits you with a giant club!!
Ouch! That really hurt!
You die...

######## ......
#.. ##.......
...... #...#
##..###### ......#
#...# ##..##
....... #...#
#..## ....... ...
#.## ....... #.#
#.#
......)###.####.#
......oO@.......##
#
......###..###...#
# ..... #.## #)#.#
### #... #.#
#.#.####.... ###
.#.####...........
.........#.####.##
#...#....#.# ..#.
......#### ...
....## .###


You could see an ogre and an orc.

Vanquished Creatures
  Edmund (D:4)
  An orc priest (D:4)
  3 worker ants (D:4)
  An adder (D:2)
  A leopard gecko (D:1)
  7 orcs
  2 hobgoblins (D:3)
  3 jackals (D:3)
  A kobold (D:2)
  A bat (D:2)
  A frilled lizard (D:1)
  2 goblins
  2 rats
26 creatures vanquished.

Notes
Turn   | Place    | Note
-------+----------+-------------------------------------------
     0 | D:1      | Monsterracer the Minotaur Fighter began the quest for the Orb.
     0 | D:1      | Reached XP level 1. HP: 19/19 MP: 0/0
   254 | D:2      | Reached skill level 3 in Axes
   254 | D:2      | Reached XP level 2. HP: 20/27 MP: 1/1
   399 | D:4      | Reached XP level 3. HP: 13/33 MP: 2/2
   646 | D:4      | Noticed Edmund
   663 | D:4      | Killed Edmund
   663 | D:4      | Reached skill level 4 in Axes
   663 | D:4      | Reached XP level 4. HP: 21/41 MP: 3/3
   663 | D:4      | Reached XP level 5. HP: 24/47 MP: 4/4
   800 | D:4      | Noticed an ogre
   808 | D:4      | Reached skill level 5 in Axes
   818 | D:4      | Demolished by an ogre

Skill      XL: |  1  2  3  4  5 |
---------------+----------------+-----
Axes           | 3 4 5 |  5.1
Armour         | 4 |  4.8
Fighting       | 4 |  4.8
Shields        | 4 |  4.8

Action                   |  1- 3 |  4- 6 || total
-------------------------+-------+-------++-------
Melee: War axe           |    72 |    25 ||    97
       Headbutt          |     6 |     3 ||     9
  Use: Scroll            |     5 |       ||     5
Armor: Scale mail        |    41 |    10 ||    51
Dodge: Dodged            |    36 |    11 ||    47
Block: Shield            |    46 |    10 ||    56

Vault maps used:
D:1:      mrwooster_arrival_statue_3, nemelex_xobeh_ov_fountains_minmay
D:2:      first_ration
D:3:      overflow_temple_1_default
D:4:      zin_treasury, kennysheep_little_box, nicolae_tso_besieged_by_evil,
          uniq_edmund
